 Dungeon Crawl Stone Soup version 0.28-a0-850-g09de17f5b5 (webtiles) character file.

Game seed: 3704995248783685066

351 McIrco the Covered (level 6, 0/56 HPs)
             Began as a Minotaur Fighter on Nov 14, 2021.
             Killed from afar by Dowan (9 damage)
             ... with a puff of flame
             ... on level 4 of the Dungeon.
             The game lasted 00:02:10 (2588 turns).

McIrco the Covered (Minotaur Fighter)               Turns: 2588, Time: 00:02:11

Health: 0/56       AC:  7    Str: 22    XL:     6   Next: 34%
Magic:  5/5        EV:  9    Int:  5    God:
Gold:   97         SH:  5    Dex: 10    Spells: 5/5 levels left

rFire   . . .      SeeInvis .   a - +0 war axe
rCold   . . .      Faith    .   c - +0 buckler
rNeg    . . .      Spirit   .   b - +0 scale mail
rPois   .          Reflect  .   (helmet restricted)
rElec   .          Harm     .   e - scarf {shadows}
rCorr   .          Rampage  .   (no gloves)
Will    .....                   (no boots)
Stlth   ..........              (no amulet)
HPRegen 0.18/turn               (no ring)
MPRegen 0.09/turn               (no ring)

@: mighty
A: horns 2, retaliatory headbutt
a: no special abilities


You were on level 4 of the Dungeon.
You visited 1 branch of the dungeon, and saw 4 of its levels.

You collected 97 gold pieces.

Inventory:

Hand Weapons
 a - a +0 war axe (weapon)
Armour
 b - a +0 scale mail (worn)
 c - a +0 buckler (worn)
 e - a scarf of shadows (worn)
Wands
 i - a wand of mindburst (3)
 n - a wand of flame (21)
Scrolls
 g - 2 scrolls of teleportation {unknown}
 h - 2 scrolls of identify {unknown}
 j - a scroll of immolation {unknown}
 m - a scroll of blinking {unknown}
Potions
 f - 2 potions of degeneration {unknown}
 k - 2 potions of heal wounds {unknown}
 l - a potion of attraction {unknown}


   Skills:
 + Level 5.6 Fighting
 - Level 2.5 Axes
 + Level 6.1 Armour
 - Level 0.1 Dodging
 + Level 5.5 Shields


You had 5 spell levels left.
You didn't know any spells.
Your spell library contained the following spells:

 Spells                   Type           Power      Damage    Failure   Level
 Beastly Appendage        Tmut           0%         N/A       78%         1
 Magic Dart               Conj           0%         1d3       78%         1
 Call Imp                 Summ           0%         N/A       89%         2
 Wereblood                Tmut           0%         N/A       89%         2
 Mephitic Cloud           Conj/Pois/Air  0%         N/A       98%         3
 Spider Form              Tmut/Pois      0%         N/A       98%         3


Dungeon Overview and Level Annotations

Branches:
Dungeon (4/15)
 Temple: D:4-7

Altars:
Makhleb

Annotations:
D:4 Dowan


Innate Abilities, Weirdness & Mutations

You have a pair of horns on your head.
You reflexively headbutt those who attack you in melee.


Message History

Dowan screams, "No!
No!"
Dowan seems to find hidden reserves of power!
You hit Dowan. Dowan barely misses you. Dowan closely misses you.
The ball python barely misses you. The ball python closely misses you.
Your Armour skill increases to level 6!
You have reached level 6!
Your experience leads to an increase in your attributes!
Increase (S)trength, (I)ntelligence, or (D)exterity?
You feel stronger.
You barely miss Dowan.
Dowan is heavily wounded.
You barely miss the ball python. Dowan closely misses you.
Dowan says, "How can I live without her?"
You block Dowan's attack. You block the ball python's attack.
The ball python barely misses you.
You miss Dowan.
Dowan is heavily wounded.
You slash the ball python!
You kill the ball python!
Dowan zaps a wand.
The puff of flame hits you! Dowan gestures at you while chanting.
The stone arrow misses you. Dowan hits you with a +0 dagger.
* * * LOW HITPOINT WARNING * * *
You slash Dowan!
Dowan is almost dead.
Dowan gestures wildly while chanting.
Dowan blinks!
Dowan shakes with grief.
Dowan points at you and mumbles some strange words.
The shard of ice hits you.
* * * LOW HITPOINT WARNING * * *
Unknown command.
Okay, then.
Aiming: Mindburst
Press: ? - help, Shift-Dir - straight line, f - Dowan
Aim: Dowan, wielding a +0 dagger, wearing a +0 robe and carrying a wand of flame (13) (almost dead, fast, chance to affect: 65%) Dowan struggles to resist.
You hear a shout!
Dowan zaps a wand.
The puff of flame hits you!
You die...

# #..#.# #.. #..#.#
#.# #..#)# #.# #..#.#
#.# # #..#.# ##†##
.###
#..#.######.#.##.....
#.......###.......
########.#(##.####
#.@# # ##)# #.# ...
#.## #.e ##.


You could see Dowan (fast).

Vanquished Creatures
  Sigmund (D:3)
  Duvessa (D:4)
  2 adders
  An adder skeleton (D:4)
  2 worms (D:3)
  2 dart slugs (D:1)
  2 orcs
  8 endoplasms
  2 giant cockroaches
  6 goblins
  5 hobgoblins
  7 jackals
  4 kobolds
  A quokka (D:1)
  6 ball pythons
  5 bats
  4 rats
59 creatures vanquished.

Vanquished Creatures (others)
  A plant (D:1)
1 creature vanquished.

Grand Total: 60 creatures vanquished

Notes
Turn   | Place    | Note
-------+----------+-------------------------------------------
     0 | D:1      | McIrco the Minotaur Fighter began the quest for the Orb.
     0 | D:1      | Reached XP level 1. HP: 19/19 MP: 0/0
   157 | D:1      | Reached XP level 2. HP: 27/27 MP: 1/1
   212 | D:1      | Found a faded altar of an unknown god.
   336 | D:1      | Reached skill level 4 in Armour
   507 | D:1      | Reached XP level 3. HP: 32/33 MP: 2/2
  1645 | D:3      | Found a burning altar of Makhleb.
  1852 | D:3      | Noticed Sigmund
  1858 | D:3      | Killed Sigmund
  1859 | D:3      | Reached skill level 5 in Fighting
  1859 | D:3      | Reached skill level 5 in Armour
  1859 | D:3      | Reached skill level 5 in Shields
  1859 | D:3      | Reached XP level 4. HP: 34/42 MP: 3/3
  1859 | D:3      | Reached XP level 5. HP: 39/48 MP: 4/4
  2573 | D:4      | Noticed Dowan
  2573 | D:4      | Noticed Duvessa
  2584 | D:4      | Killed Duvessa
  2585 | D:4      | Reached skill level 6 in Armour
  2585 | D:4      | Reached XP level 6. HP: 29/56 MP: 5/5
  2588 | D:4      | Killed from afar by Dowan

Illustrated notes

Levels and vault maps discovered:
D:1:      dpeg_arrival_three_same_balls, layout_loops_ring,
          dreamdust_ecumenical_altar_grove, minivault_5
D:2:      layout_rooms, minmay_close_crescents
D:3:      layout_loops_ring, old_standard_altar, uniq_sigmund
D:4:      layout_loops_ring, serial_shops, nicolae_square_shop, uniq_robin,
          uniq_duvessa, uniq_blork_the_orc, uniq_grinder

Skill      XL: |  1  2  3  4  5 |
---------------+----------------+-----
Shields        | 4 5 |  5.5
Fighting       | 4 5 |  5.6
Armour         | 4 5 6 |  6.1
Axes           | |  2.5
Dodging        | |  0.1

Action                   |  1- 3 |  4- 6 || total
-------------------------+-------+-------++-------
Melee: War axe           |    79 |    31 ||   110
       Headbutt          |    14 |     7 ||    21
Evoke: Wand              |       |     1 ||     1
  Use: Potion            |     1 |     1 ||     2
Armor: Scale mail        |    39 |     7 ||    46
Dodge: Dodged            |    27 |    16 ||    43
Block: Buckler           |    17 |    10 ||    27

Table legend: (Time is in decaauts)
 A = Elapsed time spent in this place.
 B = Non-inter-level travel time spent in this place.
 C = Inter-level travel time spent in this place.
 D = Time resting spent in this place.
 E = Time spent auto-exploring this place.
 F = Levels seen in this place.
 G = Mean time per level.
                   A        B        C        D        E       F      G
               +--------+--------+--------+--------+--------+-----+--------+
         Total |   2628 |   2586 |     42 |      0 |   2254 |   4 |  657.0 |
       Dungeon |   2628 |   2586 |     42 |      0 |   2254 |   4 |  657.0 |
               +--------+--------+--------+--------+--------+-----+--------+

Top non-repeatable levels by time:
     D:3: 1020 daAuts
     D:1: 856 daAuts
     D:2: 686 daAuts
     D:4: 64 daAuts
